 Dungeon Crawl Stone Soup version 0.22-a0-551-g3b2bdd4ba6 (webtiles) character file.

375 Faustar the Chopper (level 6, -1/58 HPs)
             Began as a Hill Orc Monk on June 25, 2018.
             Slain by Blork the orc
             ... wielding a +2 flail of protection
              (10 damage)
             ... on level 4 of the Dungeon.
             The game lasted 00:04:15 (3057 turns).

Faustar the Chopper (Hill Orc Monk)                 Turns: 3057, Time: 00:04:16

Health: -1/58      AC:  6    Str: 13 (16) XL:     6   Next: 73%
Magic:  6/6        EV: 16    Int:  9 (10) God:
Gold:   155        SH:  0    Dex: 16 (18) Spells: 5/5 levels left

rFire    . . .     SeeInvis .   a - +1 hand axe
rCold    . . .     Gourm    .   (no shield)
rNeg     . . .     Faith    +   f - +1 ring mail
rPois    .         Spirit   .   (no helmet)
rElec    .         Reflect  .   (no cloak)
rCorr    .         Harm     .   (no gloves)
MR       .....                  (no boots)
Stlth    ++........             h - amulet of faith
HPRegen  0.19/turn              (no ring)
MPRegen  0.10/turn              (no ring)

@: agile, hasted, very quick
A: no striking features
a: no special abilities


You were on level 4 of the Dungeon.
You were not hungry.

You visited 1 branch of the dungeon, and saw 4 of its levels.

You collected 155 gold pieces.

Inventory:

Hand Weapons
 a - a +1 hand axe (weapon)
Armour
 b - a +0 robe
 f - a +1 ring mail (worn)
Jewellery
 h - an amulet of faith (around neck)
Scrolls
 e - a scroll of amnesia
 g - 4 scrolls of teleportation
 j - a scroll of remove curse
 o - 2 scrolls of identify
Potions
 i - a potion of brilliance
 m - 2 potions of mutation
Comestibles
 c - 7 rations
 l - 2 chunks of flesh


   Skills:
 + Level 6.7 Fighting
 + Level 7.4 Axes
 - Level 2.4 Dodging
 - Level 1.5 Stealth


You had 5 spell levels left.
You didn't know any spells.
Your spell library was empty.

Dungeon Overview and Level Annotations

Branches:
Dungeon (4/15)             Temple (0/1) D:4

Altars:

Shops:
D:4 [

Portals:
Ossuary: D:4

Annotations:
D:4 Blork the orc


Message History

You feel your intelligence returning.
You hit something. Something hits you but does no damage.
You hit something but do no damage. Something hits you.
You closely miss something. You hit something.
Something hits you but does no damage.
You hit something but do no damage. Something hits you.
* * * LOW HITPOINT WARNING * * *
You hit something.
You hear some strange, mumbled words.
A puff of flame appears from out of thin air!
The puff of flame misses you.
You barely miss something. You closely miss something.
Something barely misses you.
You hit something. Something hits you but does no damage.
You closely miss something. Something hits you.
* * * LOW HITPOINT WARNING * * *
You miss something. Something hits you.
* * * LOW HITPOINT WARNING * * *
You barely miss something. Something hits you!
You die...

######.###
.........#....
..####...#.#..+#### #.#
#.o.#.#..#...# #.#
#...#.#.# .∩.# #.#
#...#.#.# ...
#.####...#.#.###### ###
.....$...#.#.##...#...#
#....##..o...##.@.#.>.#
####.##.......#{..#...#
# #.....?....'#### #+ .
......##.##### .
......##.# # ########..
####


There were no monsters in sight!

Vanquished Creatures
  An ogre (D:4)
  An orc wizard (D:4)
  2 hounds
  Jessica (D:2)
  2 iguanas (D:4)
  A worker ant (D:2)
  An adder (D:2)
  An ooze (D:1)
  2 adder skeletons (D:4)
  3 worms (D:2)
  3 dart slugs
  2 leopard geckos
  2 orcs (D:4)
  9 giant cockroaches
  8 goblins
  A hobgoblin (D:1)
  12 jackals
  3 kobolds
  2 quokkas
  A ball python (D:3)
  5 bats (D:1)
  3 rats
66 creatures vanquished.

Notes
Turn   | Place    | Note
-------+----------+-------------------------------------------
     0 | D:1      | Faustar the Hill Orc Monk began the quest for the Orb.
     0 | D:1      | Reached XP level 1. HP: 19/19 MP: 1/1
   108 | D:1      | Reached XP level 2. HP: 19/27 MP: 2/2
   588 | D:1      | Reached XP level 3. HP: 33/34 MP: 3/3
   844 | D:1      | Reached skill level 5 in Axes
  1269 | D:2      | Reached XP level 4. HP: 30/41 MP: 4/4
  1417 | D:2      | HP: 1/41 [worm (3)]
  1632 | D:2      | Reached skill level 5 in Fighting
  2091 | D:2      | Noticed Jessica
  2100 | D:2      | Killed Jessica
  2100 | D:2      | Reached skill level 6 in Axes
  2100 | D:2      | Reached XP level 5. HP: 41/48 MP: 5/5
  2364 | D:3      | Found a faded altar of an unknown god.
  2750 | D:4      | Found Cunk's Armour Boutique.
  2796 | D:4      | Found a staircase to the Ecumenical Temple.
  2847 | D:4      | Reached XP level 6. HP: 34/57 MP: 6/6
  2995 | D:4      | Reached skill level 7 in Axes
  3000 | D:4      | Noticed Blork the orc
  3022 | D:4      | Found a sand-covered staircase.
  3057 | D:4      | Slain by Blork the orc

Vault maps used:
D:1:      ncdulo_smallfort, minmay_bisected
D:2:      kennysheep_nub, uniq_jessica
D:3:      chequers_ecumenical_altar_simple
D:4:      chequers_temple_overflow_statue_of_worship,
          minmay_temple_entry_junction, serial_shops, nicolae_shop_waterfront,
          nicolae_ossuary_entry_false_entrances, uniq_blork_the_orc

Skill      XL: |  1  2  3  4  5  6 |
---------------+-------------------+-----
Fighting       | 4 5 6 |  6.7
Axes           | 5 6 7 |  7.4
Dodging        | |  2.4
Stealth        | |  1.5

Action                   |  1- 3 |  4- 6 || total
-------------------------+-------+-------++-------
Melee: Hand axe          |   110 |   161 ||   271
  Use: Potion            |       |     4 ||     4
       Scroll            |       |     8 ||     8
  Eat: Chunk             |     1 |     6 ||     7
Armor: Robe              |    25 |       ||    25
       Ring mail         |    15 |    42 ||    57
Dodge: Dodged            |    90 |    87 ||   177

Table legend:
 A = Spawn XP
 B = Non-spawn XP
 C = Spawn XP percentage of total XP
 D = Spawn monster count
 E = Non-spawn monster count
 F = Spawn count percentage of total count
 G = Total turns spent on level
                    A         B        C        D         E        F      G
               +---------+---------+-------+---------+---------+-------+---------
         Total |       0 |     537 |   0.0 |       0 |      66 |   0.0 |  3057
               +---------+---------+-------+---------+---------+-------+---------
           D:1 |       0 |      62 |   0.0 |       0 |      28 |   0.0 |  1007
           D:2 |       0 |     120 |   0.0 |       0 |      19 |   0.0 |  1248
           D:3 |       0 |      56 |   0.0 |       0 |       8 |   0.0 |   492
           D:4 |       0 |     299 |   0.0 |       0 |      11 |   0.0 |   310
               +---------+---------+-------+---------+---------+-------+---------
